 Dungeon Crawl Stone Soup version 0.26-a0-665-gefeb406119 (webtiles) character file.

Game seed: 7452425940950331530

9144 jasper the Nimble (level 11, 0/99 HPs)
             Began as a Deep Elf Berserker on Oct 13, 2020.
             Was a Priest of Trog.
             Slain by a slime creature (8 damage)
             ... on level 10 of the Dungeon.
             The game lasted 00:16:14 (12725 turns).

jasper the Nimble (Deep Elf Berserker)             Turns: 12725, Time: 00:16:14

Health: 0/99       AC: 25    Str: 17    XL:     11   Next: 19%
Magic:  13/13      EV:  2    Int: 19    God:    Trog [***...]
Gold:   601        SH: 10    Dex: 14    Spells: 10/10 levels left

rFire    + . .     SeeInvis .   B - +3 short sword (venom)
rCold    x . .     Faith    .   w - +0 kite shield
rNeg     + + +     Spirit   .   (armour currently unavailable)
rPois    +         Reflect  .   (helmet currently unavailable)
rElec    .         Harm     .   (cloak currently unavailable)
rCorr    .         Rampage  .   (gloves currently unavailable)
MR       +....     NoTele   +   (boots currently unavailable)
Stlth    +++.......             y - amulet of magic regeneration
HPRegen  0.26/turn              e - ring of fire
MPRegen  0.38/turn              m - +6 ring of intelligence

@: mighty, tree-form, berserk cooldown, slowed, very slow
A: no striking features
a: Berserk, Trog's Hand, Renounce Religion


You were on level 10 of the Dungeon.
You worshipped Trog.
Trog was most pleased with you.
You were a tree.
You visited 1 branch of the dungeon, and saw 10 of its levels.

You collected 601 gold pieces.

Inventory:

Hand Weapons
 a - a +0 short sword
 B - a +3 short sword of venom (weapon)
 D - a +0 short sword of draining
 K - a cursed +2 scimitar
Missiles
 g - 223 stones
 C - 9 boomerangs (quivered)
 F - 6 javelins
Armour
 b - a +0 animal skin
 c - a +0 leather armour
 i - a +0 ring mail (melded)
 k - a +1 cloak
 o - a +1 cloak (melded)
 w - a +0 kite shield (worn)
 G - a +0 pair of boots (melded)
 H - a +0 pair of gloves (melded)
Jewellery
 e - a ring of fire (left branch)
 m - a +6 ring of intelligence (right branch)
 y - an amulet of magic regeneration (around neck)
Wands
 E - a wand of iceblast (5)
 L - a wand of disintegration (16)
Scrolls
 d - 8 scrolls of identify
 h - 3 scrolls of remove curse
 p - 6 scrolls of enchant weapon
 r - a scroll of teleportation
 u - a scroll of immolation
 v - 2 scrolls of enchant armour
 x - 2 scrolls of amnesia
 A - a scroll of vulnerability
Potions
 f - 3 potions of berserk rage
 l - 2 potions of might
 n - 4 potions of curing
 q - a potion of resistance {unknown}
 s - 2 potions of brilliance
 t - 3 potions of degeneration
 z - a potion of magic
 I - 2 potions of flight {unknown}
 J - a potion of experience {unknown}


   Skills:
 + Level 6.5 Fighting
 - Level 8.1 Short Blades
 + Level 6.2 Armour
 + Level 9.1 Dodging
 + Level 5.6 Stealth
 + Level 5.9 Shields
 + Level 5.1 Evocations


You had 10 spell levels left.
You didn't know any spells.
Your spell library was empty.

Dungeon Overview and Level Annotations

Branches:
Dungeon (10/15) Temple (0/1) D:4 Lair (0/6) D:9 Orc (0/2) D:8 D:9

Altars:
Fedhas
Gozag
Hepliaklqana
Kikubaaqudgha
Okawaru
Qazlal
Sif Muna
Trog
Uskayaw
Vehumet
Wu Jian
Xom
Yredelemnul

Annotations:
D:3 3 runed translucent doors, quoriil's ghost, amateur BaIE
D:6 1 runed translucent door, GoodGuyCap's ghost, novice OpMo
D:9 Erolcha


Message History

* * * LOW HITPOINT WARNING * * *
You take 7 damage, and have 9/99 hp.
You feel better. You block the slime creature's attack.
The slime creature hits you but does no damage. x2
You regained 10 hp, and now have 19/99 hp.
You feel very mighty all of a sudden. The slime creature hits you.
* * * LOW HITPOINT WARNING * * *
The slime creature hits you!
* * * LOW HITPOINT WARNING * * *
The slime creature hits you.
* * * LOW HITPOINT WARNING * * *
You take 12 damage, and have 7/99 hp.
You hit the slime creature.
The slime creature is poisoned.
The slime creature is heavily wounded.
The slime creature hits you but does no damage. x2
You hit the slime creature.
The slime creature is lightly wounded.
The slime creature hits you!
You die...

.# .####
#########.....
#...<......###
#.###.........
#.♣J...##
#.J....#
##.##### #.#
#.# #.# #.#
#.# ...


You could see 2 slime creatures.

Vanquished Creatures
  A slime creature (D:10)
  A death yak (D:8)
  A two-headed ogre (D:9)
  A cyclops (D:8)
  Prince Ribbit (D:7)
  Sigmund (D:3)
  16 yaks (D:8)
  Menkaure (D:5)
  Edmund (D:5)
  A water moccasin (D:9)
  A black bear (D:9)
  A sky beast (D:6)
  2 orc warriors
  A phantom (D:9)
  An ogre (D:5)
  3 centaurs
  5 bullfrogs
  3 gnoll sergeants (D:6)
  A scorpion (D:5)
  A wyvern skeleton (D:8)
  3 killer bees (D:6)
  11 wights
  3 howler monkeys (D:6)
  2 electric eels (D:8)
  3 jellies
  4 orc priests
  Crazy Yiuf (D:4)
  5 hounds
  3 bullfrog skeletons
  6 orc wizards
  A centaur skeleton (D:5)
  2 iguanas (D:5)
  7 worker ants
  A killer bee zombie (D:7)
  2 howler monkey zombies (D:5)
  3 worker ant zombies (D:6)
  3 gnolls (D:5)
  9 adders
  A shadow imp (D:7)
  3 white imps (D:7)
  2 oozes
  An adder zombie (D:8)
  An adder skeleton (D:4)
  3 worms
  A dart slug (D:2)
  6 leopard geckos
  27 orcs
  2 ball pythons
  4 giant cockroaches
  2 gnoll zombies (D:4)
  8 goblins
  4 hobgoblins
  11 jackals
  6 quokkas
  6 bats
  7 frilled lizards
  10 kobolds
  A leopard gecko zombie (D:8)
  A quokka zombie (D:5)
  4 rats
224 creatures vanquished.

Vanquished Creatures (collateral kills)
  2 death yaks (D:8)
  A jelly (D:10)
3 creatures vanquished.

Vanquished Creatures (others)
  A bush (D:7)
  13 plants (D:7)
14 creatures vanquished.

Grand Total: 241 creatures vanquished

Notes
Turn   | Place    | Note
-------+----------+-------------------------------------------
     0 | D:1      | jasper the Deep Elf Berserker began the quest for the Orb.
     0 | D:1      | Reached XP level 1. HP: 13/13 MP: 3/3
   338 | D:1      | Reached XP level 2. HP: 14/18 MP: 4/4
  1340 | D:2      | Reached ** piety under Trog
  1506 | D:2      | Reached XP level 3. HP: 22/22 MP: 5/5
  2683 | D:3      | Noticed Sigmund
  2700 | D:3      | Killed Sigmund
  2700 | D:3      | Reached XP level 4. HP: 27/27 MP: 6/6
  2700 | D:3      | Reached XP level 5. HP: 31/31 MP: 7/7
  3161 | D:3      | Reached XP level 6. HP: 36/36 MP: 8/8
  3380 | D:3      | Noticed quoriil's ghost (amateur BaIE)
  3388 | D:3      | Found a runed translucent gate.
  3388 | D:3      | Found a runed translucent gate.
  3388 | D:3      | Found a runed translucent gate.
  3841 | D:3      | Found a stormy altar of Qazlal.
  3842 | D:3      | Found a radiant altar of Vehumet.
  4265 | D:4      | Found a basalt altar of Yredelemnul.
  4295 | D:4      | Found a runed translucent door.
  4296 | D:4      | Noticed Crazy Yiuf
  4720 | D:4      | Noticed a two-headed ogre
  4775 | D:5      | Entered Level 5 of the Dungeon
  4844 | D:5      | Reached XP level 7. HP: 40/40 MP: 9/9
  5500 | D:5      | Reached *** piety under Trog
  5570 | D:5      | Reached skill level 3 in Dodging
  5570 | D:5      | Reached skill level 1 in Shields
  5876 | D:5      | Noticed Edmund
  5893 | D:5      | Killed Edmund
  6049 | D:6      | Found a runed translucent door.
  6058 | D:6      | Noticed GoodGuyCap's ghost (novice OpMo)
  6163 | D:6      | Reached skill level 4 in Dodging
  6163 | D:6      | Reached XP level 8. HP: 46/46 MP: 10/10
  6707 | D:6      | You fall into a shaft and drop 3 floors!
  6707 | D:9      | Found a staircase to the Lair.
  6707 | D:9      | Noticed a death yak
  6707 | D:9      | Noticed a death yak
  6707 | D:9      | Noticed a death yak
  6707 | D:9      | Noticed a death yak
  6707 | D:9      | Noticed Erolcha
  6708 | D:9      | Noticed a death yak
  6724 | D:9      | Noticed a two-headed ogre
  6733 | D:9      | Killed a two-headed ogre
  6733 | D:9      | Reached skill level 5 in Dodging
  6793 | D:9      | Reached XP level 9. HP: 52/52 MP: 11/11
  6801 | D:9      | Reached skill level 6 in Dodging
  6971 | D:9      | Found a staircase to the Orcish Mines.
  7334 | D:6      | Reached skill level 5 in Fighting
  7540 | D:6      | Found a shimmering altar of Xom.
  7542 | D:6      | Found a broken altar of Ashenzari.
  7542 | D:6      | Found an ancient bone altar of Kikubaaqudgha.
  7544 | D:6      | Found a hide-covered altar of Uskayaw.
  7544 | D:6      | Found a shimmering blue altar of Sif Muna.
  7544 | D:6      | Found an opulent altar of Gozag.
  7932 | D:6      | Reached skill level 7 in Dodging
  8021 | D:6      | Reached skill level 1 in Stealth
  8287 | D:5      | Reached skill level 1 in Evocations
  8545 | D:5      | Noticed Menkaure
  8560 | D:5      | Killed Menkaure
  8861 | D:4      | Found a staircase to the Ecumenical Temple.
  8993 | D:4      | Killed Crazy Yiuf
  8993 | D:4      | Reached skill level 5 in Armour
  9363 | D:7      | Noticed Prince Ribbit
  9382 | D:7      | Killed Prince Ribbit
  9427 | D:7      | Found a blossoming altar of Fedhas.
  9624 | D:7      | Found a hazy altar of Hepliaklqana.
  9893 | D:7      | Reached XP level 10. HP: 50/59 MP: 12/12
 10217 | D:8      | Reached **** piety under Trog
 10342 | D:8      | Found an ornate altar of the Wu Jian Council.
 10389 | D:8      | Found an iron altar of Okawaru.
 10390 | D:8      | Found a bloodstained altar of Trog.
 11048 | D:8      | Reached skill level 5 in Shields
 11110 | D:8      | Reached skill level 8 in Dodging
 11541 | D:8      | Found an opulent altar of Gozag.
 11827 | D:8      | Noticed a cyclops
 11837 | D:8      | Killed a cyclops
 12093 | D:8      | Killed a death yak
 12093 | D:8      | Reached skill level 5 in Stealth
 12096 | D:8      | Killed a death yak
 12096 | D:8      | Reached XP level 11. HP: 16/65 MP: 13/13
 12503 | D:8      | Killed a death yak
 12503 | D:8      | Reached skill level 9 in Dodging
 12503 | D:8      | Reached skill level 5 in Evocations
 12683 | D:10     | Entered Level 10 of the Dungeon
 12725 | D:10     | Slain by a slime creature

Illustrated notes

Levels and vault maps discovered:
D:1:      evilmike_arrival_rings, layout_basic
D:2:      layout_basic, minivault_26
D:3:      layout_basic, gammafunk_temple_overflow_pools, gammafunk_ghost_split,
          uniq_sigmund
D:4:      layout_loops_ring, lemuel_zombie_altar_yredelemnul, temple_doors_ab,
          uniq_crazy_yiuf_cottage
D:5:      layout_gridville, minmay_hedge_maze, uniq_edmund, uniq_menkaure
D:6:      layout_basic, doesnt_xom_only_xom, ebering_ghost_sewer_d,
          sword_in_stone
D:7:      layout_loops_ring, kennysheep_mini, fedhas_altar_decomposition,
          uniq_prince_ribbit1
D:8:      argonaut_augean_stables, layout_basic,
          grunt_temple_overflow_bloody_war, lemuel_crystal_altar,
          nicolae_gozag_seed_capital
D:9:      layout_gridville, zin_scriptorium, dpeg_lair_monsters, orc_0_dummy,
          lemuel_tele_altar, uniq_erolcha, uniq_psyche
D:10:     layout_basic

Skill      XL: |  1  2  3  4  5  6  7  8  9 10 11 |
---------------+----------------------------------+-----
Short Blades   | 4 6 8 |  8.1
Armour         | 2 4 5 6 |  6.2
Dodging        | 4 5 7 8 9 |  9.1
Shields        | 1 3 4 5 |  5.9
Fighting       | 3 4 5 6 |  6.5
Stealth        | 2 5 |  5.6
Evocations     | 2 4 5 |  5.1

Action                   |  1- 3 |  4- 6 |  7- 9 | 10-12 || total
-------------------------+-------+-------+-------+-------++-------
Melee: Short sword       |   138 |   165 |   496 |   302 ||  1101
Throw: Stone             |     3 |    26 |    16 |       ||    45
       Boomerang         |       |       |    10 |     7 ||    17
Invok: Berserk           |     9 |     9 |    15 |     7 ||    40
       Trog's Hand       |     1 |     2 |     6 |     2 ||    11
       Brothers in Arms  |       |       |       |     2 ||     2
Evoke: Wand              |       |       |     1 |     4 ||     5
  Use: Potion            |       |       |     3 |     4 ||     7
       Scroll            |       |       |    17 |     1 ||    18
 Stab: Sleeping          |     1 |       |       |     1 ||     2
       Paralysed         |       |       |     2 |     2 ||     4
       Distracted        |       |       |       |     1 ||     1
Armor: Leather armour    |    10 |       |       |       ||    10
       Ring mail         |    28 |    35 |   112 |    26 ||   201
       Skin              |       |       |       |    12 ||    12
Dodge: Dodged            |    80 |    66 |   160 |    88 ||   394
Block: Kite shield       |       |       |   176 |    96 ||   272

Table legend: (Time is in decaauts)
 A = Elapsed time spent in this place.
 B = Non-inter-level travel time spent in this place.
 C = Inter-level travel time spent in this place.
 D = Time resting spent in this place.
 E = Time spent auto-exploring this place.
 F = Levels seen in this place.
 G = Mean time per level.
                   A        B        C        D        E       F      G
               +--------+--------+--------+--------+--------+-----+--------+
         Total |  12861 |  12499 |    362 |   2387 |   7905 |  10 | 1286.1 |
       Dungeon |  12861 |  12499 |    362 |   2387 |   7905 |  10 | 1286.1 |
               +--------+--------+--------+--------+--------+-----+--------+

Top non-repeatable levels by time:
     D:8: 2527 daAuts
     D:5: 1853 daAuts
     D:6: 1845 daAuts
     D:3: 1555 daAuts
     D:1: 1337 daAuts
     D:2: 1187 daAuts
     D:4: 1106 daAuts
     D:7: 1085 daAuts
     D:9: 323 daAuts
    D:10: 39 daAuts
